BSA
BAFFIN ISLAND BEAVERS @ KENILWORTH ACES
08/17/2029
 
TOP OF THE 1ST
Baffin Island Beavers batting - Pitching for Kenilworth Aces : RHP Arthur Green
Pitching: RHP Arthur Green
Batting: RHB Alden Isenhood 0-0: Called Strike
0-1: Ball
1-1: Swinging Strike
1-2: Ball
2-2: Foul Ball, location: 2F
2-2: Foul Ball, location: 2F
2-2: Strikes out looking
Batting: SHB Alonso Ferreira 0-0: Called Strike
0-1: Ball
1-1: SINGLE (Line Drive, 89M)
Batting: RHB Dave Craig 0-0: Called Strike
0-1: Swinging Strike
0-2: Ball
1-2: Strikes out swinging
Batting: RHB Tony Morton 0-0: Ball
1-0: Called Strike
Alonso Ferreira steals 2nd base
1-1: Ball
2-1: Swinging Strike
2-2: Strikes out swinging
Top of the 1st over - 0 runs, 1 hit, 0 errors, 1 left on base; Baffin Island 0 - Kenilworth 0
BOTTOM OF THE 1ST
Kenilworth Aces batting - Pitching for Baffin Island Beavers : RHP Luis Féliz
Pitching: RHP Luis Féliz
Batting: RHB Jorge Jiménez 0-0: Swinging Strike
0-1: Ball
1-1: Foul Ball, location: 2F
1-2: Strikes out looking
Batting: LHB Roy Patrick 0-0: Foul Ball, location: 2F
0-1: Ball
1-1: Foul Ball, location: 2F
1-2: Strikes out swinging
Batting: LHB Barrett Waters 0-0: Ball
1-0: Ball
2-0: Foul Ball, location: 2F
2-1: SINGLE (Groundball, 56D)
Batting: SHB Julián Madrid 0-0: Called Strike
0-1: Foul Ball, location: 2F
0-2: Ball
1-2: Foul Ball, location: 2F
1-2: Ball
2-2: Ball
3-2: SINGLE (Flyball, 9S)
Barrett Waters to second
Barrett Waters to third
Batting: LHB Roberto García 0-0: Foul Ball, location: 2F
0-1: Fly out, F7 (Flyball, 7LS)
Bottom of the 1st over - 0 runs, 2 hits, 0 errors, 2 left on base; Baffin Island 0 - Kenilworth 0
TOP OF THE 2ND
Baffin Island Beavers batting - Pitching for Kenilworth Aces : RHP Arthur Green
Batting: LHB Howard Evans 0-0: Foul Ball, location: 2F
0-1: Ground out U3 (Groundball, 3L)
Batting: LHB Norberto Muñóz 0-0: Ground out 1-3 (Groundball, P)
Batting: RHB Alberto Hernández 0-0: Ball
1-0: Ball
2-0: Ball
3-0: Called Strike
3-1: Foul Ball, location: 2F
3-2: Foul Ball, location: 2F
3-2: Strikes out swinging
Top of the 2nd over - 0 runs, 0 hits, 0 errors, 0 left on base; Baffin Island 0 - Kenilworth 0
BOTTOM OF THE 2ND
Kenilworth Aces batting - Pitching for Baffin Island Beavers : RHP Luis Féliz
Batting: RHB Andrés Lara 0-0: Ball
1-0: Ball
2-0: SOLO HOME RUN (Flyball, 9LD), Distance : 365 ft
Batting: RHB Wilbert Rodgers 0-0: Called Strike
0-1: Ball
1-1: Ball
2-1: Fly out, F5 (Line Drive, 56)
Batting: RHB Taylor McFarland 0-0: Called Strike
0-1: Ball
1-1: SINGLE (Groundball, 3D)
Batting: LHB Jim Jensen 0-0: Called Strike
0-1: Ball
1-1: Swinging Strike
1-2: Foul Ball, location: 2F
1-2: Ball
2-2: Ball
3-2: SINGLE (Groundball, 6D)
Taylor McFarland to second
Batting: RHB Jorge Jiménez 0-0: Ball
1-0: Ball
2-0: Called Strike
2-1: Ball
3-1: Called Strike
3-2: Base on Balls
Taylor McFarland to third
Jim Jensen to second
Batting: LHB Roy Patrick 0-0: Swinging Strike
0-1: Foul Ball, location: 2F
0-2: Ball
1-2: Strikes out looking
Batting: LHB Barrett Waters 0-0: Ball
1-0: Called Strike
1-1: Fly out, F9 (Flyball, 89D)
Bottom of the 2nd over - 1 run, 3 hits, 0 errors, 3 left on base; Baffin Island 0 - Kenilworth 1
TOP OF THE 3RD
Baffin Island Beavers batting - Pitching for Kenilworth Aces : RHP Arthur Green
Batting: LHB Lorenzo Villa 0-0: Called Strike
0-1: Swinging Strike
0-2: Foul Ball, location: 2F
0-2: Ball
1-2: Strikes out swinging
Batting: LHB Mike MacFadden 0-0: Ground out 5-3 (Groundball, 5)
Batting: RHB Alden Isenhood 0-0: Swinging Strike
0-1: Fly out, F4 (Popup, 4S)
Top of the 3rd over - 0 runs, 0 hits, 0 errors, 0 left on base; Baffin Island 0 - Kenilworth 1
BOTTOM OF THE 3RD
Kenilworth Aces batting - Pitching for Baffin Island Beavers : RHP Luis Féliz
Batting: SHB Julián Madrid 0-0: Called Strike
0-1: Foul Ball, location: 2F
0-2: Ball
1-2: Foul Ball, location: 2F
1-2: Ball
2-2: Strikes out swinging
Batting: LHB Roberto García 0-0: Ball
1-0: Foul Ball, location: 2F
1-1: Fly out, F9 (Flyball, 9D)
Batting: RHB Andrés Lara 0-0: Ball
1-0: Called Strike
1-1: Ball
2-1: Ball
3-1: Base on Balls
Batting: RHB Wilbert Rodgers 0-0: Ball
1-0: Ball
2-0: Ball
3-0: Called Strike
3-1: Foul Ball, location: 2F
3-2: Ground out 5-3 (Groundball, 56S)
Bottom of the 3rd over - 0 runs, 0 hits, 0 errors, 1 left on base; Baffin Island 0 - Kenilworth 1
TOP OF THE 4TH
Baffin Island Beavers batting - Pitching for Kenilworth Aces : RHP Arthur Green
Batting: SHB Alonso Ferreira 0-0: Called Strike
0-1: Ball
1-1: Ball
2-1: Ball
3-1: Called Strike
3-2: Foul Ball, location: 2F
3-2: SINGLE (Groundball, 34D)
Batting: RHB Dave Craig 0-0: Foul Ball, location: 2F
0-1: Ball
1-1: Ball
2-1: Ball
3-1: Base on Balls
Alonso Ferreira to second
Batting: RHB Tony Morton 0-0: Foul Ball, location: 2F
0-1: Foul Ball, location: 2F
0-2: Foul Ball, location: 2F
0-2: Fly out, F9 (Flyball, 9)
Batting: LHB Howard Evans 0-0: Ball
1-0: Grounds into double play, 4-6-3 (Groundball, 4)
Top of the 4th over - 0 runs, 1 hit, 0 errors, 1 left on base; Baffin Island 0 - Kenilworth 1
BOTTOM OF THE 4TH
Kenilworth Aces batting - Pitching for Baffin Island Beavers : RHP Luis Féliz
Batting: RHB Taylor McFarland 0-0: Ball
1-0: Fly out, F9 (Line Drive, 9S)
Batting: LHB Jim Jensen 0-0: Ball
1-0: Foul Ball, location: 2F
1-1: Ground out 6-3 (Groundball, 6)
Batting: RHB Jorge Jiménez 0-0: Ball
1-0: Ground out 1-3 (Groundball, 13S)
Bottom of the 4th over - 0 runs, 0 hits, 0 errors, 0 left on base; Baffin Island 0 - Kenilworth 1
TOP OF THE 5TH
Baffin Island Beavers batting - Pitching for Kenilworth Aces : RHP Arthur Green
Batting: LHB Norberto Muñóz 0-0: Called Strike
0-1: Ball
1-1: Ball
2-1: Ball
3-1: Foul Ball, location: 2F
3-2: Fly out, F7 (Flyball, 7)
Batting: RHB Alberto Hernández 0-0: Called Strike
0-1: Ball
1-1: Ball
2-1: Ball
3-1: Base on Balls
Batting: LHB Lorenzo Villa 0-0: Ball
Alberto Hernández is caught stealing 2nd base
1-0: Ball
2-0: Ball
3-0: Called Strike
3-1: Base on Balls
Batting: LHB Mike MacFadden 0-0: Foul Ball, location: 2F
0-1: Foul Ball, location: 2F
0-2: Foul Ball, location: 2F
0-2: Foul Ball, location: 2F
0-2: Ball
1-2: Foul Ball, location: 2F
1-2: Foul Ball, location: 2F
1-2: Ball
2-2: Fly out, F4 (Line Drive, 4)
Top of the 5th over - 0 runs, 0 hits, 0 errors, 1 left on base; Baffin Island 0 - Kenilworth 1
BOTTOM OF THE 5TH
Kenilworth Aces batting - Pitching for Baffin Island Beavers : RHP Luis Féliz
Batting: LHB Roy Patrick 0-0: Fly out, F7 (Flyball, 7)
Batting: LHB Barrett Waters 0-0: Ball
1-0: Ball
2-0: Ball
3-0: Base on Balls
Batting: SHB Julián Madrid 0-0: Ball
Barrett Waters is caught stealing 2nd base
1-0: Called Strike
1-1: Ball
2-1: Foul Ball, location: 2F
2-2: Ball
3-2: SINGLE (Flyball, 89S)
Batting: LHB Roberto García 0-0: Foul Ball, location: 2F
0-1: Foul Ball, location: 2F
0-2: Fly out, F5 (Popup, 56)
Bottom of the 5th over - 0 runs, 1 hit, 0 errors, 1 left on base; Baffin Island 0 - Kenilworth 1
TOP OF THE 6TH
Baffin Island Beavers batting - Pitching for Kenilworth Aces : RHP Arthur Green
Batting: RHB Alden Isenhood 0-0: Swinging Strike
0-1: Ball
1-1: Ground out 4-3 (Groundball, 4)
Batting: SHB Alonso Ferreira 0-0: Ball
1-0: Ball
2-0: Ball
3-0: Base on Balls
Batting: RHB Dave Craig 0-0: Ball
1-0: Called Strike
1-1: Foul Ball, location: 2F
1-2: Ball
2-2: Ball
3-2: Base on Balls
Alonso Ferreira to second
Batting: RHB Tony Morton 0-0: Foul Ball, location: 2F
0-1: Foul Ball, location: 2F
0-2: Foul Ball, location: 2F
0-2: SINGLE (Flyball, 89S)
Alonso Ferreira to third
Dave Craig to second
Batting: LHB Howard Evans 0-0: Ball
1-0: SINGLE (Flyball, 7LS)
Alonso Ferreira scores
Dave Craig to third
Tony Morton to second
Batting: LHB Norberto Muñóz 0-0: Foul Ball, location: 2F
0-1: Foul Ball, location: 2F
0-2: Ball
1-2: Ball
2-2: Ball
3-2: Base on Balls
Dave Craig scores
Tony Morton to third
Howard Evans to second
Pitching: RHP Pablo Cabral
Batting: RHB Alberto Hernández 0-0: Foul Ball, location: 2F
0-1: Ball
1-1: Foul Ball, location: 2F
1-2: Ball
2-2: Fly out, F8 (Flyball, 78XD)
Runner from 3rd tags up, SCORES, no throw
Batting: LHB Lorenzo Villa 0-0: Foul Ball, location: 2F
0-1: Ball
1-1: Ball
2-1: Called Strike
2-2: Strikes out swinging
Top of the 6th over - 3 runs, 2 hits, 0 errors, 2 left on base; Baffin Island 3 - Kenilworth 1
BOTTOM OF THE 6TH
Kenilworth Aces batting - Pitching for Baffin Island Beavers : RHP Luis Féliz
Pitching: LHP Roberto Barrón
Batting: RHB Andrés Lara 0-0: Ground out U3 (Groundball, 34S)
Batting: RHB Wilbert Rodgers 0-0: Called Strike
0-1: Ball
1-1: Swinging Strike
1-2: Foul Ball, location: 2F
1-2: Strikes out swinging
Batting: RHB Taylor McFarland 0-0: Called Strike
0-1: Foul Ball, location: 2F
0-2: Ball
1-2: DOUBLE (Groundball, 5L)
Pitching: RHP Enrique Aguilera
Batting: LHB Jim Jensen 0-0: Swinging Strike
0-1: Swinging Strike
0-2: Ball
1-2: Ground out 6-3 (Groundball, 6)
Bottom of the 6th over - 0 runs, 1 hit, 0 errors, 1 left on base; Baffin Island 3 - Kenilworth 1
TOP OF THE 7TH
Baffin Island Beavers batting - Pitching for Kenilworth Aces : RHP Pablo Cabral
Batting: LHB Mike MacFadden 0-0: Ball
1-0: Ground out 4-3 (Groundball, 4M)
Batting: RHB Alden Isenhood 0-0: Ground out 5-3 (Groundball, 5)
Batting: SHB Alonso Ferreira 0-0: Called Strike
0-1: Fly out, F9 (Line Drive, 89M)
Top of the 7th over - 0 runs, 0 hits, 0 errors, 0 left on base; Baffin Island 3 - Kenilworth 1
BOTTOM OF THE 7TH
Kenilworth Aces batting - Pitching for Baffin Island Beavers : RHP Enrique Aguilera
Batting: RHB Jorge Jiménez 0-0: Ball
1-0: Ball
2-0: Ball
3-0: Fly out, F9 (Flyball, 9)
Batting: LHB Roy Patrick 0-0: Ball
1-0: Foul Ball, location: 2F
1-1: Fly out, F9 (Flyball, 9D)
Batting: LHB Barrett Waters 0-0: Ball
1-0: Ball
2-0: Swinging Strike
2-1: Ball
3-1: Base on Balls
Batting: SHB Julián Madrid 0-0: Ball
1-0: Fly out, F7 (Flyball, 7S)
Bottom of the 7th over - 0 runs, 0 hits, 0 errors, 1 left on base; Baffin Island 3 - Kenilworth 1
TOP OF THE 8TH
Baffin Island Beavers batting - Pitching for Kenilworth Aces : RHP Pablo Cabral
Batting: RHB Dave Craig 0-0: Foul Ball, location: 2F
0-1: Foul Ball, location: 2F
0-2: Ball
1-2: Foul Ball, location: 2F
1-2: Ball
2-2: Foul Ball, location: 2F
2-2: Ground out 4-3 (Groundball, 4)
Batting: RHB Tony Morton 0-0: SINGLE (Groundball, 4MD)
Batting: LHB Howard Evans 0-0: Ball
1-0: Called Strike
1-1: Ball
2-1: Fly out, F8 (Flyball, 8RS)
Batting: LHB Norberto Muñóz 0-0: Called Strike
Tony Morton steals 2nd base
0-1: Ground out U3 (Groundball, 3)
Top of the 8th over - 0 runs, 1 hit, 0 errors, 1 left on base; Baffin Island 3 - Kenilworth 1
BOTTOM OF THE 8TH
Kenilworth Aces batting - Pitching for Baffin Island Beavers : RHP Enrique Aguilera
Batting: LHB Roberto García 0-0: Ball
1-0: Ball
2-0: Ball
3-0: Called Strike
3-1: Base on Balls
Batting: RHB Andrés Lara 0-0: Called Strike
0-1: Ball
1-1: Foul Ball, location: 2F
1-2: Foul Ball, location: 2F
1-2: Ball
2-2: SINGLE (Groundball, 6MD)
Roberto García to second
Runner from 2nd tries for 3rd, SAFE, no throw
Batting: RHB Wilbert Rodgers 0-0: Ball
1-0: SINGLE (Groundball, 6) (infield hit)
Roberto García scores
Andrés Lara to second
Batting: RHB Taylor McFarland 0-0: Ball
1-0: Called Strike
1-1: Foul Ball, location: 2F
1-2: Foul Ball, location: 2F
1-2: Fly out, F8 (Flyball, 78M)
Pitching: LHP Jaime Guzmán
Batting: LHB Jim Jensen 0-0: Foul Ball, location: 2F
0-1: Called Strike
0-2: Ball
1-2: Ball
2-2: Fly out, F7 (Flyball, 7S)
Batting: RHB Jorge Jiménez 0-0: Ball
1-0: Foul Ball, location: 2F
1-1: Foul Ball, location: 2F
1-2: Ball
2-2: Foul Ball, location: 2F
2-2: Foul Ball, location: 2F
2-2: Ball
3-2: Foul Ball, location: 2F
3-2: Ground out 3-1 (Groundball, 3S)
Bottom of the 8th over - 1 run, 2 hits, 0 errors, 2 left on base; Baffin Island 3 - Kenilworth 2
TOP OF THE 9TH
Baffin Island Beavers batting - Pitching for Kenilworth Aces : RHP Pablo Cabral
Pitching: RHP Robinson Gonzáles
Batting: RHB Alberto Hernández 0-0: Foul Ball, location: 2F
0-1: Ground out 3-1 (Groundball, 23)
Batting: LHB Lorenzo Villa 0-0: Ball
1-0: Foul Ball, location: 2F
1-1: Ball
2-1: Ground out 4-3 (Groundball, 4M)
Batting: LHB Mike MacFadden 0-0: Called Strike
0-1: Ground out U3 (Groundball, 23)
Top of the 9th over - 0 runs, 0 hits, 0 errors, 0 left on base; Baffin Island 3 - Kenilworth 2
BOTTOM OF THE 9TH
Kenilworth Aces batting - Pitching for Baffin Island Beavers : RHP Beau Brown
Pitching: RHP Beau Brown
Batting: LHB Roy Patrick 0-0: Ball
1-0: Ball
2-0: SINGLE (Groundball, 5) (infield hit)
Pitching: RHP Tony Rocha
Batting: LHB Barrett Waters 0-0: Called Strike
0-1: Swinging Strike
0-2: Ball
1-2: Ball
2-2: Strikes out swinging
Batting: SHB Julián Madrid 0-0: Ball
1-0: Ball
2-0: Foul Ball, location: 2F
2-1: Ground out 4-3 (Groundball, 34D)
Roy Patrick to second
Batting: LHB Roberto García 0-0: Called Strike
0-1: Foul Ball, location: 2F
0-2: Ball
1-2: SINGLE (Line Drive, 89S)
Roy Patrick to third
Runner from 3rd tries for Home, SAFE, no throw
Batting: RHB Andrés Lara 0-0: Fly out, F9 (Flyball, 9S)
Bottom of the 9th over - 1 run, 2 hits, 0 errors, 1 left on base; Baffin Island 3 - Kenilworth 3
TOP OF THE 10TH
Baffin Island Beavers batting - Pitching for Kenilworth Aces : RHP Robinson Gonzáles
Pinch Hitting: LHB Eric Wheeler 0-0: Called Strike
0-1: Foul Ball, location: 2F
0-2: Ball
1-2: Ball
2-2: SINGLE (Groundball, 4MD)
Batting: SHB Alonso Ferreira 0-0: Fielders Choice at 2nd, 1-6 (Groundball, 13)
Batting: RHB Dave Craig 0-0: Ball
1-0: Ball
2-0: SINGLE (Flyball, 8RS)
Alonso Ferreira to second
Batting: RHB Tony Morton 0-0: Ball
1-0: Swinging Strike
1-1: Fielders Choice at 2nd, 5-4 (Groundball, 56)
Alonso Ferreira to third
Batting: LHB Howard Evans 0-0: Fly out, F6 (Popup, 6D)
Top of the 10th over - 0 runs, 2 hits, 0 errors, 2 left on base; Baffin Island 3 - Kenilworth 3
BOTTOM OF THE 10TH
Kenilworth Aces batting - Pitching for Baffin Island Beavers : RHP Tony Rocha
Now at 2B: Jonathan MacVey
Batting: RHB Wilbert Rodgers 0-0: Ball
1-0: Called Strike
1-1: Swinging Strike
1-2: SINGLE (Groundball, 6D)
Batting: RHB Taylor McFarland 0-0: Ball
Wild Pitch!
Wilbert Rodgers to second
1-0: Fly out, F9 (Flyball, 89XD)
Runner from 2nd tags up, SAFE at 3rd, no throw
Batting: LHB Jim Jensen 0-0: Intentional Walk
Batting: RHB Jorge Jiménez 0-0: Ball
1-0: Ball
2-0: Called Strike
2-1: Ball
3-1: Foul Ball, location: 2F
3-2: Foul Ball, location: 2F
3-2: Base on Balls
Jim Jensen to second
Batting: LHB Roy Patrick 0-0: Called Strike
0-1: Fly out, F8 (Line Drive, 8LS)
Runner from 3rd tags up, SCORES, no throw
Saturday, December 16th, 2017 - OOTP Baseball 18.8 Build 76